[Event "Ramat Gan Masters-A Winter 2023"]
[Site "Ramat Gan/ISR"]
[Date "2023.03.20"]
[Round "7.10"]
[White "Soybert, Ori"]
[Black "Goz, Shachar"]
[Result "1-0"]
[Annotator "NA RC COMBH"]
[ECO "B47"]
[WhiteElo "1736"]
[BlackElo "1623"]
[PlyCount "75"]
[EventDate "2023.01.17"]
[EventType "swiss"]
[SourceTitle "playchess.com"]
[Source "ChessBase"]
[SourceQuality "1"]
[TimeControl "5400+30"]

1. e4 c5 2. Nf3 e6 3. d4 cxd4 4. Nxd4 Nc6 5. Nc3 Qc7 6. g3 a6 7. Bg2 Nf6 8. Nxc6 dxc6 9. O-O Bc5 10. Na4 Ba7 11. c4 e5 12. c5 O-O 13. h3 Rd8 14. Qc2 Be6 15. Bg5 Rd4 16. b3 Rad8 17. Be3 R4d7 18. Rfd1 Rxd1+ 19. Rxd1 Rxd1+ 20. Qxd1 Qd7 21. Qxd7 Nxd7 22. Kf1 Nb8 23. Ke2 a5 24. Kd2 Na6 25. Kc3 Nc7 26. f4 exf4 27. Bxf4 Nb5+ 28. Kd3 f5 29. h4 fxe4+ 30. Bxe4 Bg4 31. Nb6 Bxb6 32. cxb6 Na3 33. Bxc6 Bf5+ 34. Kc3 Bc8 35. Ba4 Bf5 36. Bc1 Nb1+ 37. Kd4 Kf7 38. Bc6 1-0

[Event "Ramat Gan Masters-A Winter 2023"]
[Site "Ramat Gan/ISR"]
[Date "2023.03.20"]
[Round "7.11"]
[White "Rozen, Guy"]
[Black "Medovoy, Yaniv"]
[Result "1/2-1/2"]
[Annotator "TA"]
[ECO "E52"]
[WhiteElo "2027"]
[BlackElo "1842"]
[PlyCount "49"]
[EventDate "2023.01.17"]
[EventType "swiss"]
[SourceTitle "playchess.com"]
[Source "ChessBase"]
[SourceQuality "1"]
[TimeControl "5400+30"]

1. d4 d5 2. c4 e6 3. Nc3 Bb4 4. a3 Bxc3+ 5. bxc3 c5 6. Nf3 Nf6 7. e3 O-O 8. Bd3 Nbd7 9. cxd5 exd5 10. O-O b6 11. c4 Bb7 12. Bb2 Rc8 {[%emt 0:00:58] [#] E52: Nimzo-Indian: Rubinstein: 4...0-0 5 Nf3 d5 6 Bd3 b6.} 13. cxd5 $146 {[%emt 0:03:57] And now e4 would win.} (13. Rc1 {feels hotter.} cxd4 14. Nxd4 Ne5 15. Ne6) ({Predecessor:} 13. Rc1 cxd4 14. Bxd4 dxc4 15. Bxc4 Nc5 16. Qe2 Qe7 17. Rfd1 Rfd8 18. Ng5 Bd5 19. Bxf6 Qxf6 20. Nxh7 {1-0 Giannoulakis,L (2351)-Siskou,E (1502) Chalkida Evoiki op 5th 2023 (1)}) 13... Nxd5 (13... c4 $11 {is more appropriate.} 14. Bc2 (14. Bf5 c3 $17) 14... c3) 14. dxc5 bxc5 (14... Rxc5 $11 {remains equal.} 15. Bd4 Ra5) 15. Bf5 {[%emt 0:04:07] This pair of bishops is nice.} Rb8 (15... g6 $14 16. Bc2 c4) 16. e4 {[%emt 0:03:57] White is much more active.} (16. Qc2 {with more complications.} g6 17. Bxd7 Qxd7 18. Qxc5 Nf4 19. exf4 Bxf3 20. Qd4) 16... N5f6 17. e5 (17. Qc2 $16) 17... Bxf3 $15 {[%emt 0:00:24][%mdl 64] [#] Discovered Attack} 18. Qxf3 Rxb2 19. exf6 Nxf6 20. Qc3 Qd4 21. Qf3 {[%emt 0:03:41] White is weak on the dark squares} (21. Qxd4 $142 cxd4 22. Rfb1 Rxb1+ 23. Rxb1) 21... c4 {[%emt 0:01:45] Hoping for ...g6.} 22. Rad1 Qc5 (22... Rd2 $142 {White must now prevent ...c3.} 23. Rxd2 Qxd2) 23. Rc1 $17 Rfb8 ({Better is} 23... g6 $17 24. Bd3 Qxa3 25. Rxc4 Rd8 26. Qxf6 Qxd3) 24. Bd3 $11 R2b3 {[%emt 0:03:34][%mdl 64] [#] Pin} (24... Qxa3 $2 25. Bxh7+ (25. Rxc4 R2b3 $15) 25... Nxh7 26. Qxa3 $18) 25. Qf4 {[%emt 0:00:20] Prevents Qd6.   Weighted Error Value: White=0.35/Black=0.32} 1/2-1/2